 Dungeon Crawl Stone Soup version 0.28-a0-465-ge2dae52223 (webtiles) character file.

Game seed: 9895466311077399890

13720 heikuro the Geomancer (level 12, -9/74 HPs)
             Began as a Formicid Earth Elementalist on Sept 14, 2021.
             Was a Follower of Vehumet.
             Mangled by a minotaur (10 damage)
             ... in a Gauntlet.
             The game lasted 00:40:56 (15738 turns).

heikuro the Geomancer (FoEE)                       Turns: 15738, Time: 00:40:57

Health: -9/74      AC:  2    Str: 13    XL:     12   Next: 36%
Magic:  13/34      EV: 19    Int: 20    God:    Vehumet [*.....]
Gold:   675        SH:  0    Dex: 16    Spells: 11/29 levels left

rFire   . . .      SeeInvis .   (weapon currently unavailable)
rCold   . . .      Faith    .   (shield currently unavailable)
rNeg    . . .      Spirit   .   (armour currently unavailable)
rPois   .          Reflect  .   (helmet unavailable)
rElec   .          Harm     .   (cloak currently unavailable)
rCorr   .          Rampage  .   (gloves currently unavailable)
Will    +....                   (boots currently unavailable)
Stlth   ++........              (no amulet)
HPRegen 0.22/turn               A - ring of magical power
MPRegen 0.24/turn               y - ring of poison resistance

@: spider-form
A: venomous fangs, permanent stasis, dig shafts and tunnels, tiny, (antennae 3),
four strong arms
a: End Transformation, Renounce Religion


You were in a Gauntlet.
You worshipped Vehumet.
Vehumet was aware of your devotion.
You were a venomous arachnid creature.
You visited 2 branches of the dungeon, and saw 12 of its levels.
You also visited: Ossuary and Gauntlet.

You collected 675 gold pieces.

Inventory:

Hand Weapons
 a - a +0 dagger
 B - a +0 morningstar
 F - a +0 hand axe of venom (melded)
 J - a +1 glaive of flaming
Missiles
 c - 116 stones
 C - a throwing net
 H - 68 poisoned darts
 O - 4 curare-tipped darts
Armour
 E - a +0 pair of boots (melded)
 G - a +1 pair of gloves
 I - a +2 robe of positive energy (melded)
 K - a +0 cloak of preservation (melded)
 L - a +0 pair of gloves of archery (melded)
 M - a +0 buckler (melded)
Magical Staves
 P - a staff of fire
 S - a staff of air
Jewellery
 b - a +4 ring of evasion
 j - a +4 ring of evasion
 m - a ring of protection from fire
 y - a ring of poison resistance (right front leg)
 A - a ring of magical power (left front leg)
Wands
 e - a wand of paralysis (6)
 o - a wand of flame (58)
 N - a wand of iceblast (7)
 Q - a wand of charming (9)
Scrolls
 f - 4 scrolls of immolation
 g - a scroll of amnesia {unknown}
 k - 2 scrolls of noise {unknown}
 n - a scroll of enchant armour
 p - 2 scrolls of holy word
 t - 2 scrolls of fog {unknown}
 z - 2 scrolls of vulnerability {unknown}
 D - 2 scrolls of magic mapping {unknown}
 R - a scroll of summoning {unknown}
Potions
 d - a potion of attraction {unknown}
 h - 6 potions of heal wounds
 l - 4 potions of ambrosia
 q - 2 potions of cancellation
 r - 3 potions of lignification
 s - 2 potions of might {unknown}
 u - 3 potions of curing {unknown}
 v - a potion of berserk rage {unknown}
 w - 2 potions of mutation {unknown}
 x - a potion of magic {unknown}


   Skills:
 - Level 5.0 Armour
 - Level 2.0 Dodging
 - Level 3.0 Stealth
 - Level 2.4 Shields
 + Level 9.0 Spellcasting
 - Level 3.0 Conjurations
 - Level 3.0 Transmutations
 - Level 2.0 Fire Magic
 * Level 14.4 Earth Magic
 + Level 8.7 Poison Magic
 + Level 7.2 Evocations


You had 11 spell levels left.
You knew the following spells:

 Your Spells              Type           Power      Damage    Failure   Level
a - Sandblast             Erth           100%       2d20      1%          1
b - Stone Arrow           Conj/Erth      86%        3d12      4%          3
c - Petrify               Tmut/Erth      43%        N/A       9%          4
d - Spider Form           Tmut/Pois      16%        N/A       8%          3
e - Olgreb's Toxic Radia  Pois           44%        N/A       8%          4
f - Ignite Poison         Fire/Tmut/Pois 27%        N/A       12%         3

Your spell library contained the following spells:

 Spells                   Type           Power      Damage    Failure   Level
 Foxfire                  Conj/Fire      76%        2x1d7     10%         1
 Passwall                 Tmut/Erth      35%        N/A       2%          2
 Sting                    Tmut/Pois      100%       1d8       4%          1
 Poisonous Vapours        Pois/Air       52%        N/A       8%          2
 Magic Dart               Conj           84%        1d7       9%          1
 Mephitic Cloud           Conj/Pois/Air  24%        N/A       14%         3
 Animate Skeleton         Necr           18%        N/A       21%         1
 Pain                     Necr           36%        1d5       21%         1
 Call Imp                 Summ           9%         N/A       28%         2
 Ensorcelled Hibernation  Hex/Ice        18%        N/A       28%         2
 Dazzling Flash           Conj/Hex       30%        N/A       28%         3
 Tukima's Dance           Hex            9%         N/A       43%         3
 Vampiric Draining        Necr           4%         2d6       43%         3
 Freezing Cloud           Conj/Ice/Air   6%         6-21      92%         5
 Agony                    Necr           9%         N/A       98%         5
 Silence                  Hex/Air        4%         N/A       98%         5


Dungeon Overview and Level Annotations

Branches:
Dungeon (11/15)            Temple (1/1) D:7            Lair (0/6) D:9
Ossuary (visited)         Gauntlet (1/1)
    Orc: D:9-12

Altars:
Ashenzari
Cheibriados
Dithmenos
Elyvilon
Fedhas
Gozag
Hepliaklqana
Kikubaaqudgha
Makhleb
Nemelex Xobeh
Okawaru
Qazlal
Ru
Sif Muna
Trog
Uskayaw
Vehumet
Wu Jian
Xom
Yredelemnul
Zin
The Shining One

Shops:
D:2 *

Annotations:
Gauntlet 6 transporters


Innate Abilities, Weirdness & Mutations

You are a venomous arachnid creature.
You have poisonous fangs.
You are tiny and dextrous.
Your spellcasting is less reliable in this form.
Your armour is entirely melded.
You are incapable of wielding weapons or throwing items.
You cannot be hasted, slowed, berserked, paralysed or teleported.
You can dig through walls and to a lower floor.
((You have a pair of large antennae on your head. (SInv)))
Your four strong arms can wield two-handed weapons with a shield.


Message History

Confirm with . or Enter, or press ? or * to list all spells.
Aiming: Sandblast (safe; 1% risk of failure)
Press: ? - help, Shift-Dir - straight line, f/p - minotaur
Aim: a minotaur, wielding a staff of conjuration, wearing a +4 plate armour of cold resistance, wearing a ring of positive energy and quivering javelins (moderately wounded, poisoned, 92% to hit)
The blast of sand hits the minotaur but does no damage.
The minotaur is moderately wounded.
The minotaur looks more healthy.
Casting: Sandblast (safe; 1% risk of failure)
Confirm with . or Enter, or press ? or * to list all spells.
You begin to radiate toxic energy.
The minotaur is poisoned.
The minotaur looks even sicker.
The minotaur hits you with a staff of conjuration!
The minotaur gores you!
Unknown command.
Casting: Olgreb's Toxic Radiance (dangerous; 1% risk of failure)
Confirm with . or Enter, or press ? or * to list all spells.
You turn into a venomous arachnid creature.
Your +0 hand axe of venom melds into your body.
Your +0 cloak of preservation melds into your body.
Your +0 pair of gloves of archery melds into your body.
Your +0 pair of boots melds into your body.
Your +0 buckler melds into your body.
Your +2 robe of positive energy melds into your body.
Your +0 hand axe of venom stops dripping with poison.
Your aim is not that steady anymore.
You feel less protected from negative energy.
The minotaur hits you with a staff of conjuration!!
* * * LOW HITPOINT WARNING * * *
The minotaur blasts you.
* * * LOW HITPOINT WARNING * * *
The minotaur closely misses you.
Unknown command.
You hit the minotaur but do no damage.
The minotaur is moderately wounded.
The minotaur looks even sicker.
Your toxic aura wanes.
The minotaur hits you with a staff of conjuration!
* * * LOW HITPOINT WARNING * * *
The minotaur gores you!
You die...

##### ≈≈≈ ≈∩≈ ...
##.## ...
#######H#######
#......s......#
#.###.###.###.#
#.###.###.###.#
#.............#
###.###.###.###
####.###.###.####
#...............#
#...............#
#####......######


You could see a minotaur (very poisoned).

Vanquished Creatures
  A green death (Gauntlet)
  2 two-headed ogres
  A centaur warrior (D:9)
  Sonja (D:10)
  Pikel (D:6)
  A rust devil (Gauntlet)
  Maurice (D:10)
  An orange demon (Gauntlet)
  2 large abominations (Gauntlet)
  Maggie (D:7)
  A komodo dragon (D:9)
  A troll (D:9)
  Grinder (D:3)
  Prince Ribbit (D:7)
  A hornet (D:8)
  8 yaks
  A wraith (D:10)
  A ynoxinul (Gauntlet)
  3 steam dragons
  Menkaure (D:6)
  2 water moccasins
  3 ice beasts
  Duvessa (D:4)
  3 black bears
  3 orc warriors
  4 small abominations (Gauntlet)
  3 ogres
  A necrophage (D:7)
  2 centaurs
  2 lemures
  A kobold brigand (D:7)
  5 elf zombies (Ossuary)
  5 bullfrogs (D:9)
  3 wyvern zombies (D:8)
  4 scorpions
  Dowan (D:4)
  A wyvern skeleton (D:7)
  A water moccasin skeleton (D:7)
  6 killer bees (D:9)
  2 howler monkeys (D:9)
  12 centaur zombies
  4 human zombies (Ossuary)
  A bullfrog zombie (D:5)
  3 orc priests
  3 hounds
  2 jellies
  Crazy Yiuf (D:7)
  4 bullfrog skeletons
  4 centaur skeletons
  An iron imp (Gauntlet)
  Natasha (thrice) (D:3)
  3 orc wizards
  Ijyb (D:5)
  5 iguanas
  3 killer bee zombies
  3 mummies (Ossuary)
  4 howler monkey zombies
  Robin (D:3)
  6 gnolls
  4 adders
  A white imp (D:6)
  An ufetubus (D:5)
  An adder skeleton (D:4)
  2 worms
  2 dart slugs
  25 orcs
  5 ball pythons
  7 endoplasms
  13 goblins
  6 hobgoblins
  5 jackals
  A quokka (D:5)
  4 bats
  3 frilled lizards
  5 kobolds
  2 rats (D:1)
235 creatures vanquished.

Vanquished Creatures (collateral kills)
  2 iron imps (Gauntlet)
2 creatures vanquished.

Vanquished Creatures (others)
  A manticore (D:9)
  An iron imp (Gauntlet)
  An orc (D:7)
  16 demonic plants (Gauntlet)
  46 fungi (D:9)
  52 plants (D:9)
117 creatures vanquished.

Grand Total: 354 creatures vanquished

Notes
Turn   | Place    | Note
-------+----------+-------------------------------------------
     0 | D:1      | heikuro the Formicid Earth Elementalist began the quest for
                  | the Orb.
     0 | D:1      | Reached XP level 1. HP: 13/13 MP: 3/3
   260 | D:1      | Reached XP level 2. HP: 9/19 MP: 0/5
   458 | D:1      | Reached skill level 4 in Earth Magic
  1095 | D:1      | Reached XP level 3. HP: 24/24 MP: 4/6
  1248 | D:1      | Reached XP level 4. HP: 22/30 MP: 0/8
  1676 | D:2      | Found Yfeecwak's Assorted Antiques.
  1782 | D:2      | Found a faded altar of an unknown god.
  2028 | D:3      | Found a broken altar of Ashenzari.
  2123 | D:3      | Learned a level 3 spell: Stone Arrow
  2128 | D:3      | Learned a level 4 spell: Petrify
  2190 | D:3      | Noticed Ijyb
  2295 | D:3      | Noticed Grinder
  2319 | D:3      | Killed Grinder
  2320 | D:3      | Reached skill level 1 in Conjurations
  2320 | D:3      | Reached skill level 5 in Earth Magic
  2320 | D:3      | Reached XP level 5. HP: 7/35 MP: 0/10
  2320 | D:3      | Reached XP level 6. HP: 8/41 MP: 0/11
  2744 | D:3      | Noticed Robin
  2746 | D:3      | Reached skill level 6 in Earth Magic
  2753 | D:3      | Killed Robin
  2921 | D:3      | Noticed Natasha
  2925 | D:3      | Killed Natasha
  3047 | D:3      | Noticed Natasha
  3049 | D:3      | Killed Natasha
  3150 | D:3      | Noticed Natasha
  3154 | D:3      | Killed Natasha
  3155 | D:3      | Reached XP level 7. HP: 46/46 MP: 5/12
  3407 | D:4      | Noticed Dowan
  3546 | D:4      | Found an ornate altar of the Wu Jian Council.
  3670 | D:4      | Found a sand-covered staircase.
  3674 | Ossuary  | Entered an ossuary
  3767 | Ossuary  | Reached skill level 7 in Earth Magic
  4513 | Ossuary  | Reached XP level 8. HP: 36/52 MP: 10/14
  4553 | Ossuary  | Reached skill level 8 in Earth Magic
  4824 | Ossuary  | Reached skill level 5 in Spellcasting
  5103 | D:4      | Reached skill level 9 in Earth Magic
  5480 | D:4      | Noticed Duvessa
  5487 | D:4      | Killed Duvessa
  5505 | D:4      | Killed Dowan
  5785 | D:4      | Reached XP level 9. HP: 57/57 MP: 3/17
  5998 | D:5      | Entered Level 5 of the Dungeon
  6390 | D:5      | Learned a level 3 spell: Spider Form
  6396 | D:5      | Reached skill level 10 in Earth Magic
  6427 | D:5      | Reached skill level 1 in Poison Magic
  6513 | D:4      | Reached skill level 1 in Evocations
  6628 | D:5      | Found a shimmering blue altar of Sif Muna.
  7205 | D:5      | Killed Ijyb
  7267 | D:6      | Noticed Menkaure
  7293 | D:6      | Killed Menkaure
  8045 | D:6      | Noticed Pikel
  8109 | D:6      | Reached skill level 11 in Earth Magic
  8390 | D:6      | Found a glowing silver altar of Zin.
  8390 | D:6      | Found a snail-covered altar of Cheibriados.
  8619 | D:6      | Reached XP level 10. HP: 38/63 MP: 7/20
  8986 | D:6      | Killed Pikel
  8987 | D:6      | Reached skill level 12 in Earth Magic
  8987 | D:6      | Reached skill level 5 in Poison Magic
  9445 | D:7      | Learned a level 4 spell: Olgreb's Toxic Radiance
  9493 | D:7      | Found a staircase to the Ecumenical Temple.
  9506 | Temple   | Entered the Ecumenical Temple
  9709 | D:7      | Reached skill level 1 in Armour
  9803 | D:7      | Noticed Prince Ribbit
  9808 | D:7      | Killed Prince Ribbit
  9880 | D:7      | Noticed Maggie
 10258 | D:7      | HP: 3/63 [Maggie/bolt of fire (13)]
 10267 | D:7      | Killed Maggie
 10268 | D:7      | Reached skill level 5 in Evocations
 10735 | D:7      | Found a runed translucent door.
 10736 | D:7      | Noticed Crazy Yiuf
 10941 | D:7      | Killed Crazy Yiuf
 11022 | D:8      | Noticed a two-headed ogre
 11028 | D:8      | Killed a two-headed ogre
 11029 | D:8      | Reached XP level 11. HP: 68/68 MP: 11/22
 11517 | D:8      | Reached skill level 13 in Earth Magic
 12115 | D:9      | Noticed a manticore
 12116 | D:9      | Noticed a manticore
 12116 | D:9      | Noticed a tengu warrior
 12116 | D:9      | Noticed a centaur warrior
 12162 | D:9      | Found a radiant altar of Vehumet.
 12178 | D:9      | Became a worshipper of Vehumet
 12196 | D:9      | Noticed a cyclops
 12196 | D:9      | Noticed a skeletal warrior
 12205 | D:9      | Noticed a cyclops
 12206 | D:9      | Noticed a deep elf pyromancer
 12225 | D:9      | Noticed a centaur warrior
 12764 | D:9      | Reached skill level 1 in Shields
 12823 | D:9      | Killed a manticore
 12914 | D:9      | Found a basalt altar of Yredelemnul.
 13398 | D:9      | Found a staircase to the Lair.
 13482 | D:9      | Killed a centaur warrior
 13828 | D:10     | Entered Level 10 of the Dungeon
 13895 | D:10     | Found a hazy altar of Hepliaklqana.
 14173 | D:10     | Found a hide-covered altar of Uskayaw.
 14179 | D:10     | Reached * piety under Vehumet
 14179 | D:10     | Offered knowledge of Foxfire by Vehumet.
 14184 | D:10     | Learned a level 3 spell: Ignite Poison
 14198 | D:10     | Noticed Maurice
 14212 | D:10     | Killed Maurice
 14386 | D:10     | Noticed Sonja
 14399 | D:10     | Killed Sonja
 14400 | D:10     | Reached skill level 1 in Fire Magic
 14597 | D:10     | Noticed a two-headed ogre
 14603 | D:10     | Killed a two-headed ogre
 14604 | D:10     | Reached XP level 12. HP: 74/74 MP: 13/24
 14902 | D:11     | Found a gate leading to a gauntlet.
 14923 | Gauntlet | Entered a Gauntlet
 14923 | Gauntlet | Found a transporter.
 14923 | Gauntlet | Found a transporter.
 14923 | Gauntlet | Found a transporter.
 14936 | Gauntlet | Found a transporter.
 14936 | Gauntlet | Found a transporter.
 14939 | Gauntlet | Found a transporter.
 14944 | Gauntlet | Noticed a sixfirhy
 14947 | Gauntlet | Found a transporter.
 14948 | Gauntlet | Found a transporter.
 14949 | Gauntlet | Found a transporter.
 14950 | Gauntlet | Found a transporter.
 14955 | Gauntlet | Noticed a green death
 14958 | Gauntlet | Found a transporter.
 14958 | Gauntlet | Noticed a dire elephant
 14961 | Gauntlet | Found a transporter.
 15201 | Gauntlet | Reached skill level 14 in Earth Magic
 15229 | Gauntlet | Reached skill level 5 in Armour
 15567 | Gauntlet | Killed a green death
 15728 | Gauntlet | Noticed a minotaur
 15738 | Gauntlet | HP: 1/74 [minotaur (9)]
 15738 | Gauntlet | Mangled by a minotaur

Illustrated notes

Levels and vault maps discovered:
D:1:      lightli_arrival_noodles, layout_basic, minivault_19,
          minmay_misc_feat_roman
D:2:      layout_rooms, ebering_ecumenical_altar_mist, serial_shops,
          nicolae_shop_crystal
D:3:      layout_loops_ring, mainiacjoe_overflow_24_doors, uniq_robin,
          uniq_natasha, uniq_grinder, uniq_ijyb
D:4:      layout_loops_ring, lemuel_crystal_altar, enter_ossuary_5,
          grunt_decor_arrowhead, kennysheep_opposing_triangles, uniq_duvessa
D:5:      layout_basic, led_sif_pool, dk_rats_in_the_wall
D:6:      layout_rooms, nicolae_overflow_hidden_temple, grunt_ministairs_9,
          uniq_pikel, uniq_menkaure
D:7:      layout_basic, minmay_temple_entry_overgrown,
          minmay_fractal_squares_diagonal_5, uniq_maggie, uniq_prince_ribbit1,
          uniq_crazy_yiuf_cottage
D:8:      layout_cave_pools, grunt_decor_resistance, lemuel_old_faithful
D:9:      layout_roguey, nicolae_yredelemnul_corpse_copse, vehumet_crystals,
          due_lair_maze_entry_diamond, minivault_12
D:10:     layout_roguey, hangedman_feature_mirror, uniq_maurice, uniq_sonja
D:11:     layout_cave_pods, orc_0_dummy, gauntlet_entry_generic
Temple:   regret_index_temple_waves
Gauntlet: minmay_gauntlet_mixed_big_or_small [gammafunk_gauntlet_arena_mazey,
          minmay_gauntlet_arena_77_broken_ladder,
          gammafunk_gauntlet_arena_split_diamond,
          minmay_gauntlet_arena_77_mirror,
          gammafunk_gauntlet_arena_arrow_garden,
          minmay_gauntlet_arena_77_two_lines, gauntlet_exit_watery]

Skill      XL: |  1  2  3  4  5  6  7  8  9 10 11 12 |
---------------+-------------------------------------+-----
Earth Magic    | 4 5 6 7 9 11 12 13 14 | 14.4
Dodging        | 2 |  2.0
Stealth        | 3 |  3.0
Transmutations | 3 |  3.0
Spellcasting   | 3 4 5 6 7 8 9 |  9.0
Conjurations   | 1 2 3 |  3.0
Poison Magic   | 4 6 8 |  8.7
Evocations     | 3 5 6 7 |  7.2
Armour         | 2 4 5 |  5.0
Shields        | 2 |  2.4
Fire Magic     | 1 2 |  2.0

Action                   |  1- 3 |  4- 6 |  7- 9 | 10-12 || total
-------------------------+-------+-------+-------+-------++-------
Melee: Dagger            |    26 |    39 |    82 |       ||   147
       Unarmed           |       |       |       |    27 ||    27
       Hand axe          |       |       |       |    51 ||    51
 Cast: Sandblast         |    25 |    40 |    97 |    54 ||   216
       Stone Arrow       |       |     9 |    90 |   151 ||   250
       Petrify           |       |       |     9 |    17 ||    26
       Olgreb's Toxic Ra |       |       |       |    26 ||    26
       Spider Form       |       |       |       |     3 ||     3
       Ignite Poison     |       |       |       |     1 ||     1
 Abil: Dig               |       |       |     1 |     1 ||     2
Evoke: Wand              |       |       |       |     5 ||     5
  Use: Scroll            |       |     1 |     5 |     3 ||     9
       Potion            |       |       |       |     2 ||     2
 Stab: Sleeping          |     1 |     1 |       |       ||     2
       Petrified         |       |       |     3 |    21 ||    24
       Petrifying        |       |       |       |     1 ||     1
Armor: Robe              |     4 |    20 |    27 |    38 ||    89
       Skin              |       |       |       |     2 ||     2
Dodge: Dodged            |    19 |    40 |    90 |   161 ||   310
Block: Buckler           |       |       |       |    22 ||    22

Table legend: (Time is in decaauts)
 A = Elapsed time spent in this place.
 B = Non-inter-level travel time spent in this place.
 C = Inter-level travel time spent in this place.
 D = Time resting spent in this place.
 E = Time spent auto-exploring this place.
 F = Levels seen in this place.
 G = Mean time per level.
                   A        B        C        D        E       F      G
               +--------+--------+--------+--------+--------+-----+--------+
         Total |  15767 |  15204 |    563 |   6636 |   4962 |  14 | 1126.2 |
       Dungeon |  13542 |  12990 |    552 |   5366 |   4721 |  11 | 1231.1 |
        Temple |    127 |    116 |     11 |      0 |     99 |   1 |  127.0 |
       Ossuary |   1282 |   1282 |      0 |    900 |      8 |   1 | 1282.0 |
      Gauntlet |    815 |    815 |      0 |    370 |    134 |   1 |  815.0 |
               +--------+--------+--------+--------+--------+-----+--------+

Top non-repeatable levels by time:
     D:7: 1882 daAuts
     D:5: 1864 daAuts
     D:9: 1717 daAuts
     D:4: 1457 daAuts
     D:3: 1404 daAuts
 Ossuary: 1282 daAuts
     D:1: 1223 daAuts
     D:6: 1162 daAuts
     D:8: 1010 daAuts
    D:10: 967 daAuts
Gauntlet: 815 daAuts
     D:2: 762 daAuts
  Temple: 127 daAuts
    D:11: 90 daAuts
